 Dungeon Crawl Stone Soup version 0.28-a0-479-g5baa6b73be (webtiles) character file.

Game seed: 11746971690419923316

2 avis the Insei (level 1, -1/13 HPs)
             Began as an Octopode Transmuter on Sept 18, 2021.
             Slain by a jackal (2 damage)
             ... on level 1 of the Dungeon.
             The game lasted 00:01:29 (197 turns).

avis the Insei (Octopode Transmuter)                 Turns: 197, Time: 00:01:30

Health: -1/13      AC:  1    Str:  9    XL:     1   Next: 30%
Magic:  2/3        EV: 13    Int: 15    God:
Gold:   10         SH:  0    Dex: 12    Spells: 3/4 levels left

rFire   . . .      SeeInvis .     - Unarmed
rCold   . . .      Faith    .   (no shield)
rNeg    . . .      Spirit   .   (helmet restricted)
rPois   .          Reflect  .   (no amulet)
rElec   .          Harm     .   (no ring)
rCorr   .          Rampage  .   (no ring)
Will    .....                   (no ring)
Stlth   ++........              (no ring)
HPRegen 0.04/turn               (no ring)
MPRegen 0.08/turn               (no ring)
                                (no ring)
                                (no ring)

@: no status effects
A: almost no armour, amphibious, 8 rings, camouflage 1, gelatinous body 1,
(nimble swimmer 1), tentacles
a: no special abilities


You were on level 1 of the Dungeon.
You visited 1 branch of the dungeon, and saw 1 of its levels.

You collected 10 gold pieces.

You aren't carrying anything.


   Skills:
 * Level 1.3 Fighting
 - Level 2.0 Dodging
 - Level 3.0 Unarmed Combat
 - Level 2.0 Spellcasting
 - Level 2.0 Transmutations


You had 3 spell levels left.
You knew the following spells:

 Your Spells              Type           Power      Damage    Failure   Level
a - Beastly Appendage     Tmut           14%        N/A       10%         1

Your spell library contained the following spells:

 Spells                   Type           Power      Damage    Failure   Level
 Wereblood                Tmut           7%         N/A       14%         2
 Ensorcelled Hibernation  Hex/Ice        2%         N/A       32%         2
 Spider Form              Tmut/Pois      2%         N/A       41%         3
 Ice Form                 Ice/Tmut       4%         N/A       82%         4


Dungeon Overview and Level Annotations

Branches:
Dungeon (1/15)

Altars:


Innate Abilities, Weirdness & Mutations

You cannot wear most types of armour.
You are amphibious.
You can wear up to eight rings at the same time.
Your skin changes colour to match your surroundings (Stealth+).
Your rubbery body absorbs attacks. (AC +1, EV +1)
((You are camouflaged near water. (Stealth+)))
You have tentacles for arms and can constrict up to eight enemies at once.


Message History

A jackal comes into view.
The helpless ball python fails to defend itself.
You tentacle-slap the ball python. You grab the ball python.
You squeeze the ball python.
You kill the ball python!
Your transformation is almost over.
Casting: Beastly Appendage (safe; 10% risk of failure)
Confirm with . or Enter, or press ? or * to list all spells.
You extend your transformation's duration. 3 jackals come into view.
The jackal barks! x2
An endoplasm comes into view.
The jackal closely misses you.
The endoplasm quivers.
You tentacle-slap the jackal but do no damage.
Your grab misses the jackal.
Your tentacle spike misses the jackal.
Your squeeze misses the jackal.
The jackal bites you but does no damage.
The jackal bites you.
You tentacle-slap the jackal but do no damage.
Your grab misses the jackal. The jackal bites you. x2
You closely miss the jackal. Your grab misses the jackal.
The jackal barely misses you.
You tentacle-slap the jackal but do no damage.
Your grab misses the jackal.
You pierce the jackal.
The jackal is almost dead.
The jackal bites you.
You tentacle-slap the jackal but do no damage.
Your grab misses the jackal.
The jackal is almost dead.
Your transformation is almost over.
The jackal bites you. x2
* * * LOW HITPOINT WARNING * * *
Unknown command.
It was a potion of cancellation.
Your magical effects are unravelling.
You feel magically purged.
Your tentacle spike disappears.
The jackal bites you.
You die...

.... ##### #..#
.<..## ...# .....#
..# .....# ...
.....# #h###.#
≈≈≈..# #. #hh.J.#
≈≈≈≈.# #.##h####
§[≈§.# #...hh@.#
§>≈≈.#.# #..#.##.#
§:≈≈.# .. #....##.#
§≈≈≈.# #.#.#..##.#
§§≈..# #.........#
.§...## #.##...#..#
......# #.....>#..#
........##....##.†#
........#.....##..#


You could see 3 jackals.

Vanquished Creatures
  An endoplasm (D:1)
  A ball python (D:1)
2 creatures vanquished.

Notes
Turn   | Place    | Note
-------+----------+-------------------------------------------
     0 | D:1      | avis the Octopode Transmuter began the quest for the Orb.
     0 | D:1      | Reached XP level 1. HP: 13/13 MP: 3/3
   197 | D:1      | Slain by a jackal

Illustrated notes

Levels and vault maps discovered:
D:1:      lemuel_arrival_lava_pool, layout_basic

Action                   || total
-------------------------++-------
Melee: Unarmed           ||     8
       Kick              ||     2
       Constrict         ||     1
       Tentacles         ||     1
 Cast: Beastly Appendage ||     3
  Use: Potion            ||     1
 Stab: Sleeping          ||     1
Armor: Skin              ||     1
Dodge: Dodged            ||     2

Table legend: (Time is in decaauts)
 A = Elapsed time spent in this place.
 B = Non-inter-level travel time spent in this place.
 C = Inter-level travel time spent in this place.
 D = Time resting spent in this place.
 E = Time spent auto-exploring this place.
 F = Levels seen in this place.
 G = Mean time per level.
                   A        B        C        D        E       F      G
               +--------+--------+--------+--------+--------+-----+--------+
         Total |    196 |    196 |      0 |     88 |     63 |   1 |  196.0 |
       Dungeon |    196 |    196 |      0 |     88 |     63 |   1 |  196.0 |
               +--------+--------+--------+--------+--------+-----+--------+

Top non-repeatable levels by time:
     D:1: 196 daAuts
